 Dungeon Crawl Stone Soup version 0.32-a0-900-g30fb1b0edc (webtiles) character file.

Game seed: 9135740351823621824

503 t4s4d4r the Slasher (level 7, -1/46 HPs)
             Began as an Octopode Fighter on Apr 4, 2024.
             Slain by a scorpion (3 damage)
             ... on level 6 of the Dungeon on Apr 5, 2024.
             The game lasted 00:05:44 (4027 turns).

t4s4d4r the Slasher (Octopode Fighter)              Turns: 4027, Time: 00:05:44

Health: -1/46      AC:  2    Str: 15    XL:     7   Next: 17%
Magic:  7/7        EV:  2    Int: 10    God:
Gold:   184        SH:  0    Dex: 14    Spells: 6/6 levels left

rFire   . . .        a - +0 long sword
rCold   . . .        h - +0 buckler
rNeg    . . .        m - +1 hat
rPois   .            (no amulet)
rElec   .            (no ring)
rCorr   .            (no ring)
SInv    .            (no ring)
Will    .....        (no ring)
Stlth   ++           (no ring)
HPRegen 0.27/turn    (no ring)
MPRegen 0.10/turn    (no ring)
                     (no ring)

%: no passive effects
@: sleeping
A: almost no armour, amphibious, 8 rings, camouflage 1, gelatinous body 1,
(nimble swimmer 1), tentacles
a: no special abilities


You were on level 6 of the Dungeon.
You visited 1 branch of the dungeon, and saw 6 of its levels.

You collected 184 gold pieces.

Inventory:

Hand Weapons
 a - a +0 long sword (weapon)
 b - a +0 sling
 s - a +0 longbow
Armour
 h - a +0 buckler (worn)
 m - a +1 hat (worn)
Jewellery
 n - a ring of wizardry
Wands
 o - a wand of mindburst (12)
 t - a wand of paralysis (4)
 w - a wand of flame (28)
Scrolls
 d - a scroll of noise
 e - a scroll of amnesia
 g - a scroll of teleportation
 k - a scroll of fog {unknown}
 v - a scroll of immolation {unknown}
 x - a scroll of vulnerability
Potions
 c - a potion of might
 f - a potion of curing
 i - a potion of ambrosia
 j - a potion of berserk rage
 l - 3 potions of brilliance
 p - a potion of enlightenment {unknown}
 q - a potion of resistance
 r - 2 potions of haste
 z - a potion of lignification {unknown}


   Skills:
 - Level 3.0 Fighting
 + Level 6.4 Long Blades
 - Level 3.0 Dodging
 - Level 3.0 Shields
 + Level 4.1 Evocations


You had 6 spell levels left.
You didn't know any spells.
Your spell library contained the following spells:

 Spells                   Type           Power      Damage    Failure   Level
 Blink                    Tloc           0%         N/A       58%         2
 Ensorcelled Hibernation  Hex/Ice        0%         N/A       58%         2
 Lesser Beckoning         Tloc           0%         N/A       58%         2
 Momentum Strike          Conj/Tloc      0%         3d8       58%         2
 Passwall                 Erth           0%         N/A       83%         3
 Swiftness                Air            0%         N/A       83%         3
 Haunt                    Necr/Summ      0%         N/A       100%        7
 Borgnjor's Revivificati  Necr           0%         N/A       100%        8
 Death's Door             Necr           0%         N/A       100%        9


Dungeon Overview and Level Annotations

Branches:
Dungeon (6/15)
 Temple: D:4-7

Altars:
Hepliaklqana
Makhleb
Okawaru
Trog
Uskayaw
Wu Jian
Yredelemnul

Shops:
D:5 *


Innate Abilities, Weirdness & Mutations

You cannot wear most types of armour.
You are amphibious.
You can wear up to eight rings at the same time.
Your skin changes colour to match your surroundings (Stealth+).
Your rubbery body absorbs attacks. (AC +1, EV +1)
((You are camouflaged when in or above water. (Stealth+)))
You have tentacles for arms and can constrict up to eight enemies at once.


Message History

You are too injured to fight recklessly!
You are too injured to fight recklessly!
You are too injured to fight recklessly!
You barely miss Sigmund. Your grab misses Sigmund.
You squeeze Sigmund, but do no damage. Sigmund hits you with a +0 scythe.
You block the sleepcap's attack.
Unknown command.
You are too injured to fight recklessly!
You hit Sigmund. Your grab misses Sigmund. You squeeze Sigmund!
Sigmund is heavily wounded.
The sleepcap closely misses you. Sigmund closely misses you.
You are too injured to fight recklessly!
You hit Sigmund but do no damage. You grab Sigmund. You squeeze Sigmund.
Sigmund is heavily wounded.
You constrict Sigmund. The sleepcap barely misses you.
Unknown command.
You are too injured to fight recklessly!
You slash Sigmund!
You kill Sigmund!
The sleepcap barely misses you. The scorpion stings you.
Your Long Blades skill increases to level 6!
Your Evocations skill increases to level 4!
You have reached level 7!
The scorpion stings you but does no damage.
The sleepcap releases spores at you but does no damage.
Things that are here:
a +0 scythe; a +0 robe Unknown command.
You hit the scorpion but do no damage. Your grab misses the scorpion.
The scorpion stings you.
* * * LOW HITPOINT WARNING * * *
The sleepcap completely misses you. The scorpion completely misses you.
You closely miss the scorpion. You grab the scorpion. You squeeze the scorpion.
The scorpion is moderately wounded.
You constrict the scorpion. The sleepcap releases spores at you!
* * * LOW HITPOINT WARNING * * *
You are engulfed in a cloud of soporific spores!
You fall asleep.
You lose your grip on the scorpion.
The scorpion stings you.
You die...

J#...##....†.#####.#
#. ...............#
......>.....#######
###.......#
.........##
###.......##
#.........#
#.........##
#....f@s...#
...............
..............#
##..........:.#
#............#
#).....>..####
#..<......#
#..^......#


You could see a sleepcap and a scorpion.

Vanquished Creatures
  Sigmund (D:6)
  A black bear (D:5)
  A howler monkey (D:5)
  A hound (D:5)
  An iguana (D:5)
  9 adders
  A shadow imp (D:5)
  2 dart slugs
  2 ribbon worms
  2 orcs
  4 ball pythons
  7 endoplasms
  5 giant cockroaches
  5 goblins
  5 hobgoblins
  4 kobolds
  4 quokkas
  9 bats
  A frilled lizard (D:3)
  7 rats
72 creatures vanquished.

Notes
Turn   | Place    | Note
-------+----------+-------------------------------------------
     0 | D:1      | t4s4d4r the Octopode Fighter began the quest for the Orb.
     0 | D:1      | Reached XP level 1. HP: 16/16 MP: 1/1
   112 | D:1      | Reached XP level 2. HP: 21/21 MP: 2/2
   185 | D:1      | Reached skill level 3 in Long Blades
   661 | D:1      | Reached XP level 3. HP: 26/26 MP: 3/3
   893 | D:2      | Found a faded altar of an unknown god.
   989 | D:2      | Reached skill level 4 in Long Blades
  1073 | D:2      | Reached XP level 4. HP: 31/31 MP: 4/4
  1903 | D:3      | Found an ornate altar of the Wu Jian Council.
  2459 | D:4      | Reached skill level 5 in Long Blades
  2459 | D:4      | Reached XP level 5. HP: 36/36 MP: 5/5
  3014 | D:5      | Entered Level 5 of the Dungeon
  3136 | D:5      | Found a hide-covered altar of Uskayaw.
  3136 | D:5      | Found a basalt altar of Yredelemnul.
  3136 | D:5      | Found an iron altar of Okawaru.
  3313 | D:5      | Reached skill level 1 in Evocations
  3336 | D:5      | Found Rabbikk's General Store.
  3643 | D:5      | Found a bloodstained altar of Trog.
  3643 | D:5      | Noticed a black bear
  3702 | D:5      | Killed a black bear
  3703 | D:5      | Reached XP level 6. HP: 31/42 MP: 6/6
  3767 | D:5      | Found a burning altar of Makhleb.
  3891 | D:5      | Found a hazy altar of Hepliaklqana.
  4007 | D:6      | Upgraded the game from 0.32-a0-898-g7811c86cf0 to
                  | 0.32-a0-900-g30fb1b0edc
  4016 | D:6      | Noticed Sigmund
  4024 | D:6      | Killed Sigmund
  4025 | D:6      | Reached skill level 6 in Long Blades
  4025 | D:6      | Reached XP level 7. HP: 15/46 MP: 7/7
  4027 | D:6      | HP: 2/46 [sleepcap (8)]
  4027 | D:6      | Slain by a scorpion

Illustrated notes

Levels and vault maps discovered:
D:1:      dpeg_arrival_radiant, layout_loops_ring
D:2:      layout_basic, shapermc_ecumenical_altar_totnotflames, hex_medium,
          minmay_ruptured
D:3:      layout_basic, nzn_wu_jian_contemplation, chequers_serial_rivers_marsh,
          chequers_serial_rivers_small_a
D:4:      layout_loops_ring
D:5:      layout_basic, gammafunk_temple_overflow_claw,
          mainiacjoe_overflow_catch_the_wave, lemuel_coloured_pillars_altar,
          serial_shops, nicolae_shop_statue_plus
D:6:      cheibrodos_fzero, layout_rooms, lemuel_temple_firewalk_b, uniq_sigmund

Skill      XL: |  1  2  3  4  5  6 |
---------------+-------------------+-----
Long Blades    | 3 4 5 6 |  6.4
Evocations     | 2 4 |  4.1
Fighting       | |  3.0
Dodging        | |  3.0
Shields        | |  3.0

Action                     |  1- 3 |  4- 6 |  7- 9 || total
---------------------------+-------+-------+-------++-------
  Melee: Long sword        |    53 |    80 |     2 ||   135
         Tentacles         |     8 |    20 |     1 ||    29
         Constrict         |    14 |    24 |     1 ||    39
    Use: Scroll            |       |    10 |       ||    10
   Stab: Sleeping          |    10 |     7 |       ||    17
 Armour: Skin              |    18 |    37 |     5 ||    60
  Dodge: Dodged            |    37 |    35 |     2 ||    74
  Block: Buckler           |     9 |    11 |       ||    20

Table legend: (Time is in decaauts)
 A = Elapsed time spent in this place.
 B = Non-inter-level travel time spent in this place.
 C = Inter-level travel time spent in this place.
 D = Time resting spent in this place.
 E = Time spent auto-exploring this place.
 F = Levels seen in this place.
 G = Mean time per level.
                   A        B        C        D        E       F      G
               +--------+--------+--------+--------+--------+-----+--------+
         Total |   4053 |   3891 |    162 |    173 |   3178 |   6 |  675.5 |
       Dungeon |   4053 |   3891 |    162 |    173 |   3178 |   6 |  675.5 |
               +--------+--------+--------+--------+--------+-----+--------+

Top non-repeatable levels by time:
     D:5: 995 daAuts
     D:2: 881 daAuts
     D:1: 750 daAuts
     D:4: 707 daAuts
     D:3: 697 daAuts
     D:6: 21 daAuts
